 Dungeon Sprint DCSS version 0.28-a0-1429-gf3d713df7a (webtiles) character file.

Game seed: 10962889610631501798

233 jt the Unseen (level 5, 20/27 HPs)
             Began as a Spriggan Abyssal Knight on Jan 8, 2022.
             Was a Priest of Lugonu.
             Got out of the dungeon alive.
             The game lasted 00:01:04 (387 turns).

jt the Unseen (Spriggan Abyssal Knight)              Turns: 387, Time: 00:01:05

Health: 20/27      AC:  2    Str: 11    XL:     5   Next: 74%
Magic:  3/8        EV: 18    Int: 11    God:    Lugonu [***...]
Gold:   46         SH:  0    Dex: 16    Spells: 4/4 levels left

rFire   . . .      SeeInvis +   a - +1 short sword
rCold   . . .      Faith    .   (no shield)
rNeg    . . .      Spirit   .   b - +0 robe
rPois   .          Reflect  .   (helmet restricted)
rElec   .          Harm     .   (no cloak)
rCorr   .          Rampage  .   (gloves unavailable)
Will    .....      NoTele   +   (boots unavailable)
Stlth   +++++++...              i - amulet of invisibility {+Inv}
HPRegen 0.09/turn               (no ring)
MPRegen 0.11/turn               (no ring)

@: hasted, very quick
A: very small, no large weapons, unfitting armour, see invisible, speed 3
a: Renounce Religion, Evoke Invisibility, Bend Space, Banish


You escaped.
You worshipped Lugonu.
Lugonu was most pleased with you.
You visited 1 branch You collected 46 gold pieces.

Inventory:

Hand Weapons
 a - a +1 short sword (weapon)
Missiles
 g - 23 stones (quivered)
Armour
 b - a +0 robe (worn)
Jewellery
 i - the amulet of invisibility (around neck) {+Inv}
   (You found it in the Dungeon)

   [amulet of nothing]

   +Inv:      It lets you turn invisible.
Scrolls
 h - a scroll of blinking
Potions
 c - a potion of curing
 d - a potion of heal wounds
 f - 2 potions of magic


   Skills:
 - Level 2.4 Fighting
 - Level 2.1 Short Blades
 - Level 3.2 Dodging
 + Level 17.0 Stealth
 + Level 3.8 Invocations


You had 4 spell levels left.
You didn't know any spells.
Your spell library was empty.

Dungeon Overview and Level Annotations

Branches:
Dungeon (1/1)

Altars:
Cheibriados
Dithmenos
Elyvilon
Gozag
Hepliaklqana
Kikubaaqudgha
Makhleb
Nemelex Xobeh
Okawaru
Qazlal
Ru
Sif Muna
Trog
Uskayaw
Vehumet
Wu Jian
Xom
Yredelemnul
Zin
The Shining One
Beogh
Jiyva
Lugonu


Innate Abilities, Weirdness & Mutations

You are very small and have problems with some larger weapons.
You are too small for most types of armour.
You have supernaturally acute eyesight. (SInv)
You cover ground extremely quickly. (Speed+++)


Message History

The scorpion is moderately wounded.
The scorpion stings you!
You aren't carrying any items that you can evoke.
Press: ? - help, Shift-Dir - straight line, f - scorpion
Aim: a scorpion (moderately wounded, chance to affect: 80%)
The scorpion is devoured by a tear in reality.
Lugonu claims a new guest.
Your Stealth skill increases to level 17!
Your Invocations skill gained 2 levels and is now at level 3!
Unknown command.
You miss the spriggan.
The spriggan hits you with a +2 dagger of venom!
You are lethally poisoned!
You feel sick.
You feel sick.
There is an open door here.
You feel better.
There is a corrupted altar of Lugonu here.
You don't have enough magic at the moment.
There is an ancient bone altar of Kikubaaqudgha here.
Press: ? - help, v - describe, . - travel
Here: a spriggan, wielding a +1 short sword of venom and wearing a +0 robe The floor.
There is a viscous altar of Jiyva here.
There is a hazy altar of Hepliaklqana here.
There is an opulent altar of Gozag here.
There is an open door here.
There is an open door here.
Your magical contamination has completely faded away.
There is an open door, spattered with blood here.
You see here a river rat skeleton.
You hit the fungus.
The fungus begins to die.
The fungus is lightly damaged.
You hit the fungus.
The fungus is lightly damaged.
You hit the fungus.
The fungus is lightly damaged.
There is a staircase leading out of the dungeon here.
Are you sure you want to leave the Dungeon?
This will make you lose the game!
You have escaped!

##################
#@..P#.....#.....#
#PP..÷.....'.#...'
#PPPP#.....#.#†..#
###############+##
# #


There were no monsters in sight!

Vanquished Creatures
  A scorpion (D)
  3 oklob saplings (D)
  A river rat (D)
  A rat (D)
6 creatures vanquished.

Notes
Turn   | Place    | Note
-------+----------+-------------------------------------------
     0 | D        | jt the Spriggan Abyssal Knight began the quest for the Orb.
     0 | D        | Reached XP level 1. HP: 11/11 MP: 3/3
    14 | D        | Reached skill level 6 in Stealth
    14 | D        | Reached XP level 2. HP: 2/16 MP: 4/4
    15 | D        | Reached ** piety under Lugonu
   292 | D        | Noticed an oklob sapling
   293 | D        | Killed an oklob sapling
   294 | D        | Reached skill level 9 in Stealth
   294 | D        | Reached XP level 3. HP: 19/19 MP: 5/5
   295 | D        | Noticed a scorpion
   295 | D        | Found the amulet of invisibility {+Inv}
   297 | D        | Killed a scorpion
   298 | D        | Reached skill level 13 in Stealth
   298 | D        | Reached XP level 4. HP: 23/23 MP: 6/6
   323 | D        | Found an opulent altar of Gozag.
   323 | D        | Found a hazy altar of Hepliaklqana.
   323 | D        | Found a snail-covered altar of Cheibriados.
   324 | D        | Found a viscous altar of Jiyva.
   324 | D        | Found a burning altar of Makhleb.
   324 | D        | Found a sparkling altar of Nemelex Xobeh.
   324 | D        | Found a sacrificial altar of Ru.
   324 | D        | Found a shimmering blue altar of Sif Muna.
   324 | D        | Found a bloodstained altar of Trog.
   324 | D        | Found an ornate altar of the Wu Jian Council.
   324 | D        | Found a shimmering altar of Xom.
   324 | D        | Found a basalt altar of Yredelemnul.
   325 | D        | Found an iron altar of Okawaru.
   325 | D        | Found a shadowy altar of Dithmenos.
   325 | D        | Found a glowing silver altar of Zin.
   326 | D        | Found an ancient bone altar of Kikubaaqudgha.
   326 | D        | Found a hide-covered altar of Uskayaw.
   327 | D        | Found a stormy altar of Qazlal.
   327 | D        | Found a white marble altar of Elyvilon.
   327 | D        | Found a glowing golden altar of the Shining One.
   328 | D        | Found a corrupted altar of Lugonu.
   328 | D        | Found a radiant altar of Vehumet.
   332 | D        | Reached skill level 15 in Stealth
   332 | D        | Reached XP level 5. HP: 27/27 MP: 4/7
   342 | D        | Reached *** piety under Lugonu
   343 | D        | Reached skill level 16 in Stealth
   349 | D        | Reached skill level 17 in Stealth
   387 | D        | Got out of the dungeon alive.

Illustrated notes

Levels and vault maps discovered:
D:        dungeon_sprint_fedhas [sprint_temple]

Skill      XL: |  1  2  3  4  5 |
---------------+----------------+-----
Stealth        | 6 9 13 15 17 | 17.0
Invocations    | 3 |  3.8
Fighting       | |  2.4
Short Blades   | |  2.1
Dodging        | |  3.2

Action                   |  1- 3 |  4- 6 || total
-------------------------+-------+-------++-------
Melee: Short sword       |    10 |     8 ||    18
Invok: Banish            |       |     1 ||     1
 Abil: Evoke Invisibilit |       |     1 ||     1
  Use: Potion            |     1 |     2 ||     3
 Stab: Sleeping          |     2 |     2 ||     4
Armor: Robe              |     1 |     1 ||     2
Dodge: Dodged            |     1 |       ||     1

Table legend: (Time is in decaauts)
 A = Elapsed time spent in this place.
 B = Non-inter-level travel time spent in this place.
 C = Inter-level travel time spent in this place.
 D = Time resting spent in this place.
 E = Time spent auto-exploring this place.
 F = Levels seen in this place.
 G = Mean time per level.
                   A        B        C        D        E       F      G
               +--------+--------+--------+--------+--------+-----+--------+
         Total |    363 |    363 |      0 |    285 |      0 |   1 |  363.0 |
       Dungeon |    363 |    363 |      0 |    285 |      0 |   1 |  363.0 |
               +--------+--------+--------+--------+--------+-----+--------+

Top non-repeatable levels by time:
       D: 363 daAuts
